 Dungeon Crawl Stone Soup version 0.24-a0-463-g3510def36b (webtiles) character file.

Game seed: 17953930032035792677

49 vurker the Caller (level 3, 0/25 HPs)
             Began as a Gnoll Summoner on July 2, 2019.
             Succumbed to a kobold's poison
             ... on level 2 of the Dungeon.
             The game lasted 00:03:30 (1912 turns).

vurker the Caller (Gnoll Summoner)                  Turns: 1912, Time: 00:03:30

Health: 0/25       AC:  4    Str:  9 (10) XL:     3   Next: 75%
Magic:  9/9        EV: 13    Int: 16 (18) God:
Gold:   25         SH:  0    Dex: 13 (15) Spells: 11/12 levels left

rFire    . . .     SeeInvis .   d - +0 dagger (elec)
rCold    . . .     Gourm    .   (no shield)
rNeg     . . .     Faith    .   a - +0 robe
rPois    .         Spirit   .   f - +2 hat
rElec    .         Reflect  .   (no cloak)
rCorr    .         Harm     .   (no gloves)
MR       .....                  (no boots)
Stlth    ++........             (no amulet)
HPRegen  0.08/turn              (no ring)
MPRegen  0.11/turn              (no ring)

@: lethally poisoned (0 -> -23), heavily drained
A: distributed training, fangs 1, strong nose
a: no special abilities


You were on level 2 of the Dungeon.
You were not hungry.

You visited 1 branch of the dungeon, and saw 2 of its levels.

You collected 25 gold pieces.

Inventory:

Hand Weapons
 d - a +0 dagger of electrocution (weapon)
   (You took it off a kobold on level 1 of the Dungeon)
Armour
 a - a +0 robe (worn)
 f - a +2 hat (worn)
   (You found it on level 1 of the Dungeon)
Scrolls
 b - 2 scrolls of teleportation {unknown}
 c - a scroll of fear {unknown}
Comestibles
 e - 2 rations {!d}


   Skills:
 + Level 0.9(0.0) Fighting
 + Level 0.9(0.0) Short Blades
 + Level 0.9(0.0) Long Blades
 + Level 0.9(0.0) Axes
 + Level 0.9(0.0) Maces & Flails
 + Level 0.9(0.0) Polearms
 + Level 0.9(0.0) Staves
 + Level 0.9(0.0) Slings
 + Level 0.9(0.0) Bows
 + Level 0.9(0.0) Crossbows
 + Level 0.9(0.0) Throwing
 + Level 0.9(0.0) Armour
 + Level 4.5(3.1) Dodging
 + Level 4.2(2.7) Stealth
 + Level 0.9(0.0) Shields
 + Level 0.9(0.0) Unarmed Combat
 + Level 5.0(3.5) Spellcasting
 + Level 0.6(0.0) Conjurations
 + Level 0.6(0.0) Hexes
 + Level 0.6(0.0) Charms
 + Level 7.1(5.5) Summonings
 + Level 0.6(0.0) Necromancy
 + Level 0.6(0.0) Translocations
 + Level 0.6(0.0) Transmutations
 + Level 0.6(0.0) Fire Magic
 + Level 0.6(0.0) Ice Magic
 + Level 0.6(0.0) Air Magic
 + Level 0.6(0.0) Earth Magic
 + Level 0.6(0.0) Poison Magic
 + Level 1.0(0.0) Invocations
 + Level 0.9(0.0) Evocations


You had 11 spell levels left.
You knew the following spells:

 Your Spells              Type           Power        Failure   Level  Hunger
a - Summon Small Mammal   Summ           ###.         1%          1    None

Your spell library contained the following spells:

 Spells                   Type           Power        Failure   Level  Hunger
 Call Imp                 Summ           ###.....     2%          2    ##.....
 Call Canine Familiar     Summ           ###.....     5%          3    ###....
 Summon Guardian Golem    Hex/Summ       ##......     17%         3    ###....
 Summon Ice Beast         Ice/Summ       ##......     50%         4    ####...
 Summon Lightning Spire   Summ/Air       ##......     50%         4    ####...


Dungeon Overview and Level Annotations

Branches:
Dungeon (2/15)

Altars:


Innate Abilities, Weirdness & Mutations

Your experience applies equally to all skills.
You have very sharp teeth.
Your uncanny sense of smell can sniff out nearby items.


Message History

No target in view!
A ball python comes into view.
The ball python moves out of view.
The ball python is too close now for your liking.
A ball python is nearby!
No target in view!
No target in view!
No target in view!
Found a hunting sling.
No target in view!
No target in view!
c - a scroll labeled BAOS XAREFUCO No target in view!
Found 15 gold pieces.
A ball python is nearby!
A kobold comes into view.
It is wielding a +2 short sword of venom.
Found a stone staircase leading down.
The kobold shouts!
The ball python hisses angrily.
The kobold hits you with a +2 short sword of venom.
You hit the kobold but do no damage.
The kobold hits you with a +2 short sword of venom.
You are poisoned.
You hit the kobold. Your bite misses the kobold.
You feel sick.
The kobold hits you with a +2 short sword of venom.
You are lethally poisoned!
You barely miss the kobold.
You feel sick.
The kobold hits you with a +2 short sword of venom.
* * * LOW HITPOINT WARNING * * *
You are more poisoned.
You aren't carrying any potions.
You hit the kobold but do no damage. Lightning courses through the kobold!
You kill the kobold!
* * * LOW HITPOINT WARNING * * *
You feel sick.
You hit the ball python but do no damage.
Lightning courses through the ball python!!
You kill the ball python!
* * * LOW HITPOINT WARNING * * *
You feel sick.
You aren't carrying any potions.
* * * LOW HITPOINT WARNING * * *
You feel sick.
* * * LOW HITPOINT WARNING * * *
You feel sick.
A kobold comes into view. It is wielding a +0 dagger.
Found a potion of curing.
* * * LOW HITPOINT WARNING * * *
You feel sick.
Found a stone staircase leading up.
You die...

............)...# .##.
...........⌠..# ##.##.
<..........$..# #..##.
.............####.###.
........#.............
...#..).####........(#
.. #............†..(##
...###..................
.....>.@................
..............##.##...##
.#............##.#....#
...............#.#......
...#.......K...#.#...##.
.. #.!.......... #...# .
. #............
#...........


You could see a kobold (wandering).

Vanquished Creatures
  A dart slug (D:1)
  A leopard gecko (D:1)
  4 bats (D:1)
  2 giant cockroaches (D:1)
  6 goblins (D:1)
  5 hobgoblins (D:1)
  4 jackals (D:1)
  2 ball pythons
  2 frilled lizards (D:1)
  12 kobolds
  3 rats (D:1)
42 creatures vanquished.

Notes
Turn   | Place    | Note
-------+----------+-------------------------------------------
     0 | D:1      | vurker the Gnoll Summoner began the quest for the Orb.
     0 | D:1      | Reached XP level 1. HP: 13/13 MP: 6/6
   184 | D:1      | Reached XP level 2. HP: 12/19 MP: 7/7
   661 | D:1      | Reached XP level 3. HP: 8/25 MP: 9/9
   883 | D:1      | Reached skill level 5 in Spellcasting
  1359 | D:1      | Reached skill level 1 in Invocations
  1911 | D:2      | HP: 1/25 [poisoned by a kobold]
  1912 | D:2      | Succumbed to a kobold's poison

Levels and vault maps discovered:
D:1:      roderic_chinese_lattice_arrival, layout_basic, minmay_pentomino_r4
D:2:      layout_rooms, solitary_fountain, kennysheep_generic_room_3

Skill      XL: |  1  2  3 |
---------------+----------+-----
Spellcasting   | 5 |  5.0
Invocations    | 1 |  1.0
Fighting       | |  0.9
Short Blades   | |  0.9
Long Blades    | |  0.9
Axes           | |  0.9
Maces & Flails | |  0.9
Polearms       | |  0.9
Staves         | |  0.9
Slings         | |  0.9
Bows           | |  0.9
Crossbows      | |  0.9
Throwing       | |  0.9
Armour         | |  0.9
Dodging        | |  4.5
Stealth        | |  4.2
Shields        | |  0.9
Unarmed Combat | |  0.9
Conjurations   | |  0.6
Hexes          | |  0.6
Charms         | |  0.6
Summonings     | |  7.1
Necromancy     | |  0.6
Translocations | |  0.6
Transmutations | |  0.6
Fire Magic     | |  0.6
Ice Magic      | |  0.6
Air Magic      | |  0.6
Earth Magic    | |  0.6
Poison Magic   | |  0.6
Evocations     | |  0.9

Action                   || total
-------------------------++-------
Melee: Whip              ||    20
       Dagger            ||   124
       Bite              ||    15
 Cast: Summon Small Mamm ||     1
  Use: Scroll            ||     3
       Potion            ||     2
 Stab: Sleeping          ||     6
  Eat: Ration            ||     1
       Chunk             ||     1
Armor: Robe              ||    37
Dodge: Dodged            ||   123

Table legend:
 A = Non-vault XP
 B = Vault XP
 C = Vault XP percentage of total XP
 D = Non-vault monster count
 E = Vault monster count
 F = Vault count percentage of total count
                 A         B        C        D         E       F
            +---------+---------+-------+---------+---------+-------
      Total |      64 |       6 |   8.6 |      38 |       4 |   9.5
            +---------+---------+-------+---------+---------+-------
        D:1 |      58 |       6 |   9.4 |      33 |       4 |  10.8
        D:2 |       6 |       0 |   0.0 |       5 |       0 |   0.0
            +---------+---------+-------+---------+---------+-------
